 Dungeon Crawl Stone Soup version 0.21.0-3-g78d12a8bdd (webtiles) character file.

176 Fv001 the Skirmisher (level 5, -3/29 HPs)
             Began as an Octopode Chaos Knight on Jan 11, 2018.
             Slain by a shadow (29 damage)
             ... summoned by the capriciousness of Xom
             ... on level 2 of the Dungeon.
             The game lasted 00:06:40 (1833 turns).

Fv001 the Skirmisher (Octopode Chaos Knight)        Turns: 1833, Time: 00:06:40

Health: -3/29      AC:  3    Str: 13    XL:     5   Next: 56%
Magic:  5/5        EV: 14    Int: 14    God:    Xom [*.....]
Gold:   111        SH:  0    Dex: 11    Spells: 4/4 levels left

rFire    . . .     SeeInvis .     - Unarmed
rCold    . . .     Gourm    .   (no shield)
rNeg     . . .     Faith    .   (helmet restricted)
rPois    +         Spirit   .   (no amulet)
rElec    .         Reflect  .   f - ring of poison resistance
rCorr    .         Harm     .   (no ring)
MR       .....                  (no ring)
Stlth    +++.......             (no ring)
HPRegen  0.09/turn              (no ring)
MPRegen  0.09/turn              (no ring)
                                (no ring)
                                (no ring)

@: no status effects
A: almost no armour, stealthy swim, amphibious, 8 rings, constrict 8, iridescent
scales 1, camouflage 1, frail 2, gelatinous body 1
a: Renounce Religion


You were on level 2 of the Dungeon.
You worshipped Xom.
You were a special plaything of Xom.
You were not hungry.

You visited 1 branch of the dungeon, and saw 2 of its levels.

You collected 111 gold pieces.

Inventory:

Hand Weapons
 a - a +1 dagger of venom
Jewellery
 f - a ring of poison resistance (left tentacle)
Scrolls
 b - a scroll of fog {unknown}
 c - a scroll of remove curse {unknown}
 g - 2 scrolls of random uselessness {unknown}
 l - 2 scrolls of identify {unknown}
 m - a scroll of fear {unknown}
Potions
 e - 2 potions of invisibility {unknown}
 h - 2 potions of mutation {unknown}
 i - a potion of might {unknown}
 k - 3 potions of magic {unknown}
 n - a potion of heal wounds {unknown}
Comestibles
 d - 4 chunks of flesh
 j - 3 rations


   Skills:
 + Level 3.9 Fighting
 + Level 1.5 Short Blades
 + Level 3.3 Dodging
 + Level 3.2 Stealth
 + Level 3.8 Unarmed Combat


You had 4 spell levels left.
You didn't know any spells.

Dungeon Overview and Level Annotations

Branches:
Dungeon (2/15)

Altars:
Okawaru


Innate Abilities, Weirdness & Mutations

You cannot wear most types of armour.
You are very stealthy in the water. (Stealth+)
You are amphibious.
You can wear up to eight rings at the same time.
You can use your tentacles to constrict eight enemies at once.
Your skin changes colour to match your surroundings (Stealth+).
Your rubbery body absorbs attacks. (AC +1, EV +1)
You are partially covered in iridescent scales. (AC +2)
You are very frail. (-20% HP)


Message History

Things that are here:
22 stones; an adder corpse You butcher the adder corpse.
d - 6 chunks of flesh (gained 1)
Things that are here:
22 stones; an adder skeleton
Things that are here:
22 stones; an adder skeleton Some of the chunks of flesh in your inventory have rotted away.
Xom is getting BORED.
You are now a BORING thing.
Xom's power touches on you for a moment.
Flickering shadows surround you.
You are now a special plaything of Xom.
The shadow slips into darkness.
The shadow flickers and vanishes!
Deactivating autopickup; reactivate with Ctrl-A.
The shadow strikes at you from the darkness!
Ouch! That really hurt!
You die...

#.# ###.# ##.#.#
#####.# #. #.#.#
#.....# #.# #.#.#
#<##### #. ##.##
#.#.# #)#
#.##...#####.#.#
#(#
#...........>#.#
#.#
#..#.....#..##.#
#.#
#.......#_#W...#
#.#
#####....)@.#...###
#..
.........รท..W..##
### ######.....####
#..#### #..# #..#
#..# #..# #..#


You could see a shadow.

Vanquished Creatures
  Terence (D:2)
  A worker ant (D:2)
  A gnoll (D:1)
  4 adders (D:2)
  2 oozes (D:2)
  3 worms (D:2)
  3 leopard geckos
  5 bats
  2 giant cockroaches (D:1)
  8 goblins
  8 hobgoblins
  4 jackals (D:2)
  3 ball pythons
  3 frilled lizards
  6 kobolds
  11 rats
65 creatures vanquished.

Notes
Turn   | Place    | Note
-------+----------+-------------------------------------------
     0 | D:1      | Fv001 the Octopode Chaos Knight began the quest for the Orb.
     0 | D:1      | Reached XP level 1. HP: 16/16 MP: 1/1
    65 | D:1      | XOM: harmless Tloc miscast
   101 | D:1      | Reached skill level 1 in Stealth
   136 | D:1      | Reached XP level 2. HP: 19/21 MP: 2/2
   420 | D:1      | XOM: medium Chrm miscast
   557 | D:1      | Reached XP level 3. HP: 24/26 MP: 3/3
   831 | D:1      | XOM: give mutations
   831 | D:1      | Gained mutation: You are partially covered in iridescent scales. (AC +2) [Xom's mischief]
   831 | D:1      | Gained mutation: You are frail. (-10% HP) [Xom's mischief]
   980 | D:2      | Reached XP level 4. HP: 19/27 MP: 4/4
  1147 | D:2      | XOM: give mutation
  1147 | D:2      | Gained mutation: You are very frail. (-20% HP) [Xom's mischief]
  1385 | D:2      | Reached skill level 1 in Short Blades
  1513 | D:2      | XOM: harmless Pois miscast
  1519 | D:2      | Reached XP level 5. HP: 17/29 MP: 5/5
  1528 | D:2      | Noticed Terence
  1538 | D:2      | Killed Terence
  1644 | D:2      | Found an iron altar of Okawaru.
  1829 | D:2      | XOM is BORED!
  1829 | D:2      | XOM: medium Necr miscast
  1830 | D:2      | Noticed a shadow
  1830 | D:2      | Noticed a shadow
  1833 | D:2      | Slain by a shadow

Skill      XL: |  1  2  3  4  5 |
---------------+----------------+-----
Stealth        | 1 2 3 |  3.2
Dodging        | 3 |  3.3
Short Blades   | 1 |  1.5
Fighting       | |  3.9
Unarmed Combat | |  3.8

Action                   |  1- 3 |  4- 6 || total
-------------------------+-------+-------++-------
Melee: Unarmed           |    63 |    68 ||   131
       Constrict         |    16 |    13 ||    29
       Tentacles         |    13 |    18 ||    31
       Dagger            |     4 |     5 ||     9
 Stab: Sleeping          |     7 |     4 ||    11
  Eat: Chunk             |       |     3 ||     3
Armor: Skin              |     7 |     8 ||    15
Dodge: Dodged            |    31 |    36 ||    67
